 Dungeon Crawl Stone Soup version 0.32-a0-128-g77eb882913 (webtiles) character file.

Game seed: 12360215402215135423

3704 hipposaver the Protected (level 9, -4/79 HPs)
             Began as a Demigod Fighter on Feb 7, 2024.
             Killed from afar by an electric eel (15 damage)
             ... with a bolt of electricity
             ... on level 8 of the Dungeon.
             The game lasted 00:15:06 (6572 turns).

hipposaver the Protected (Demigod Fighter)          Turns: 6572, Time: 00:15:06

Health: -4/79      AC: 10    Str: 21    XL:     9   Next: 60%
Magic:  11/11      EV: 15    Int: 10    God:
Gold:   460        SH:  6    Dex: 27    Spells: 8/8 levels left

rFire   . . .        o - +0 broad axe
rCold   . . .        c - +0 buckler
rNeg    . . .        b - +0 scale mail
rPois   .            (no helmet)
rElec   .            (no cloak)
rCorr   .            (no gloves)
SInv    .            j - +1 pair of boots
Will    .....        (no amulet)
Stlth   +            m - +6 ring of dexterity
HPRegen 0.33/turn    (no ring)
MPRegen 0.12/turn

%: no passive effects
@: studying 2 skills
A: high MP 1, forlorn, divine attributes
a: no special abilities


You were on level 8 of the Dungeon.
You visited 1 branch of the dungeon, and saw 8 of its levels.

You collected 460 gold pieces.

Inventory:

Hand Weapons
 a - a +1 war axe of protection
 o - a +0 broad axe (weapon)
 p - a +0 hand axe of flaming
Missiles
 v - a throwing net (quivered)
Armour
 b - a +0 scale mail (worn)
 c - a +0 buckler (worn)
 j - a +1 pair of boots (worn)
 q - a +0 ring mail of willpower
Jewellery
 m - a +6 ring of dexterity (left hand)
Wands
 u - a wand of paralysis (12)
Scrolls
 d - 2 scrolls of immolation
 n - a scroll of revelation
 s - 2 scrolls of teleportation
 w - a scroll of silence
Potions
 e - 2 potions of degeneration
 f - a potion of mutation {unknown}
 g - 2 potions of resistance
 h - a potion of curing
 i - 2 potions of brilliance
 k - 2 potions of cancellation {unknown}
 l - 2 potions of ambrosia {unknown}
 r - a potion of enlightenment {unknown}
 t - a potion of berserk rage {unknown}


   Skills:
 + Level 7.1 Fighting
 + Level 6.7 Axes
 + Level 8.4 Armour
 + Level 6.3 Dodging
 - Level 2.6 Shields


You had 8 spell levels left.
You didn't know any spells.
Your spell library contained the following spells:

 Spells                   Type           Power      Damage    Failure   Level
 Call Imp                 Summ           0%         N/A       86%         2
 Static Discharge         Conj/Air       0%         3-3/arc   86%         2
 Sublimation of Blood     Necr           0%         N/A       86%         2
 Dazzling Flash           Conj/Hex       0%         N/A       98%         3
 Inner Flame              Hex/Fire       0%         N/A       98%         3
 Volatile Blastmotes      Fire/Tloc      0%         2d10      98%         3
 Airstrike                Air            0%         2d(0-16)  100%        4
 Summon Lightning Spire   Summ/Air       0%         N/A       100%        4
 Irradiate                Conj/Alch      0%         3d11      100%        5
 Starburst                Conj/Fire      0%         6d3       100%        6
 Summon Hydra             Summ           0%         N/A       100%        7
 Ignition                 Fire           0%         3d3       100%        8
 Maxwell's Capacitive Co  Air            0%         ∞         100%        8


Dungeon Overview and Level Annotations

Branches:
Dungeon (8/15)             Temple (0/1) D:7            Lair (0/5) D:8

Shops:
D:4 =

Annotations:
D:6 2 transporters, Jeremiah
D:8 1 runed translucent door, grandjackal's ghost, novice DsGl


Innate Abilities, Weirdness & Mutations

You have an increased reservoir of magic. (+10% MP)
You shall have no god before yourself.
Your divine heritage dramatically boosts your attributes as you level up.


Message History

You see here an electric eel corpse.
An electric eel comes into view.
Found a rapier.
The electric eel shoots out a bolt of lightning at you!
The bolt of electricity hits you!
A killer bee comes into view.
The killer bee buzzes angrily.
You block the killer bee's attack. The killer bee stings you.
You are poisoned.
The killer bee poisons you!
You hit the killer bee but do no damage.
You feel sick. You block the killer bee's attack.
The killer bee closely misses you. The killer bee barely misses you.
You hit the killer bee but do no damage.
You feel sick.
The killer bee stings you but does no damage.
You block the killer bee's attack.
The electric eel shoots out a bolt of lightning at you!
The bolt of electricity hits you!
The killer bee stings you but does no damage.
You feel sick.
You feel sick. The killer bee closely misses you.
The electric eel shoots out a bolt of lightning at you!
The bolt of electricity hits you!
You feel sick. The killer bee closely misses you.
You closely miss the electric eel. You hit the killer bee.
You feel sick.
You are no longer poisoned.
The killer bee completely misses you. The killer bee closely misses you.
The electric eel shoots out a bolt of lightning at you!
The bolt of electricity hits you! The killer bee barely misses you.
You slash the electric eel!
The electric eel is almost dead.
You hit the killer bee. The killer bee stings you.
The electric eel shoots out a bolt of lightning at you!
The bolt of electricity hits you!
* * * LOW HITPOINT WARNING * * *
The killer bee misses you.
The electric eel shoots out a bolt of lightning at you!
The bolt of electricity hits you!
You die...

## .### .+.#.# .#.#.#
##### .#.#.# ##~~~##
.#.#.# ##~~.~~##
.#.#.# ##~~..@S~#
.'.#.# ##~~.#y#.~~#
.###.# ##~~.##.##.~~#
## #.#
##~~.##~.~##.~~#
#.###~~.##~...~##.~~#
#.##†~.##~..$..~##.~~
#..'..###..).=..# #..
####.##~~.##~.....~#
~~
.....###~~.##~...~##


You could see a killer bee and an electric eel.

Vanquished Creatures
  Prince Ribbit (D:6)
  Grinder (D:6)
  Sigmund (D:2)
  A shadow (D:7)
  2 steam dragons
  Menkaure (D:4)
  A water moccasin (D:8)
  Duvessa (D:4)
  2 orc warriors
  4 sky beasts
  A black bear (D:6)
  An ice beast (D:5)
  2 ogres
  A centaur (D:8)
  2 phantoms (D:5)
  A bullfrog (D:7)
  A scorpion (D:6)
  Dowan (D:4)
  An electric eel (D:8)
  A bombardier beetle (D:5)
  2 jellies
  5 orc priests
  5 hounds
  2 gnoll boudas
  Jessica (D:2)
  Natasha (thrice) (D:4)
  An iguana (D:4)
  7 orc wizards
  12 gnolls
  7 adders
  A ribbon worm (D:5)
  A dart slug (D:3)
  34 orcs
  10 bats
  7 endoplasms
  5 giant cockroaches
  5 goblins
  7 hobgoblins
  9 kobolds
  3 quokkas
  11 ball pythons
  3 frilled lizards
  5 rats
173 creatures vanquished.

Notes
Turn   | Place    | Note
-------+----------+-------------------------------------------
     0 | D:1      | hipposaver the Demigod Fighter began the quest for the Orb.
     0 | D:1      | Reached XP level 1. HP: 18/18 MP: 3/3
   339 | D:1      | Reached XP level 2. HP: 25/25 MP: 4/4
   484 | D:1      | Reached skill level 3 in Armour
   874 | D:2      | Reached skill level 1 in Dodging
   961 | D:2      | Reached XP level 3. HP: 30/31 MP: 5/5
  1013 | D:2      | Noticed Sigmund
  1023 | D:2      | Killed Sigmund
  1024 | D:2      | Reached XP level 4. HP: 22/40 MP: 6/6
  1024 | D:2      | Reached XP level 5. HP: 26/46 MP: 7/7
  1382 | D:2      | Noticed Jessica
  1389 | D:2      | Killed Jessica
  1625 | D:3      | Reached XP level 6. HP: 44/52 MP: 8/8
  1768 | D:3      | Reached skill level 4 in Armour
  2200 | D:4      | Noticed Natasha
  2221 | D:4      | Killed Natasha
  2290 | D:4      | Noticed Natasha
  2297 | D:4      | Killed Natasha
  2338 | D:4      | Noticed Natasha
  2345 | D:4      | Killed Natasha
  2451 | D:4      | Noticed Duvessa
  2451 | D:4      | Noticed Dowan
  2476 | D:4      | Killed Duvessa
  2476 | D:4      | Killed Dowan
  2477 | D:4      | Reached XP level 7. HP: 20/60 MP: 9/9
  2645 | D:4      | Found Ruex's Jewellery Boutique.
  2714 | D:4      | Noticed Menkaure
  2726 | D:4      | Killed Menkaure
  3111 | D:5      | Entered Level 5 of the Dungeon
  3159 | D:5      | Reached skill level 5 in Fighting
  3191 | D:5      | Reached skill level 5 in Armour
  3400 | D:5      | Reached XP level 8. HP: 20/68 MP: 10/10
  3809 | D:5      | Reached skill level 5 in Axes
  4092 | D:5      | Identified a scroll of acquirement
  4092 | D:5      | Acquired a manual of Armour
  4136 | D:6      | Found a transporter.
  4139 | D:6      | Noticed a kobold demonologist
  4141 | D:6      | Noticed a kobold demonologist
  4315 | D:6      | Found a transporter.
  4317 | D:6      | Noticed Jeremiah
  4513 | D:6      | Noticed Grinder
  4531 | D:6      | Reached skill level 6 in Armour
  4542 | D:6      | Killed Grinder
  4543 | D:6      | Reached skill level 5 in Dodging
  4888 | D:6      | Noticed Prince Ribbit
  4911 | D:6      | Killed Prince Ribbit
  5095 | D:6      | Reached skill level 7 in Armour
  5095 | D:6      | Reached XP level 9. HP: 70/77 MP: 11/11
  5814 | D:7      | Reached skill level 8 in Armour
  6064 | D:7      | Found a staircase to the Ecumenical Temple.
  6111 | D:8      | Found a staircase to the Lair.
  6341 | D:8      | Found a runed translucent door.
  6341 | D:8      | Noticed grandjackal's ghost (novice DsGl)
  6572 | D:8      | Killed from afar by an electric eel

Illustrated notes

Levels and vault maps discovered:
D:1:      dpeg_arrival_concentric_ovals, layout_loops_cross,
          minmay_misc_feat_secret_circle, nicolae_figureground_sparkle
D:2:      layout_basic, kennysheep_generic_room_3, uniq_sigmund, uniq_jessica
D:3:      layout_basic
D:4:      layout_basic, serial_shops, nicolae_shop_trees, minmay_manual_moon,
          uniq_duvessa, uniq_menkaure, uniq_natasha
D:5:      layout_rooms, nicolae_tricolors
D:6:      gammafunk_wand_slinger, layout_layer_cave,
          nicolae_hepliaklqana_hazy_memory, gammafunk_temple_overflow_elements,
          serial_glass, glass_columns_c, glass_columns_a, glass_columns_c,
          glass_columns_a, glass_columns_c, nicolae_grassy_gnolls,
          uniq_eustachio, uniq_jeremiah, uniq_grinder, uniq_prince_ribbit1
D:7:      layout_basic, minmay_temple_entry_poolview
D:8:      layout_basic, lair_entry_dummy, ebering_ghost_inner_flame,
          kennysheep_diamond, minmay_fractal_squares_diagonal_5

Skill      XL: |  1  2  3  4  5  6  7  8  9 |
---------------+----------------------------+-----
Axes           | 2 3 4 5 6 |  6.7
Fighting       | 3 4 5 6 7 |  7.1
Armour         | 3 4 5 7 8 |  8.4
Dodging        | 1 2 3 4 5 6 |  6.3
Shields        | |  2.6

Action                     |  1- 3 |  4- 6 |  7- 9 || total
---------------------------+-------+-------+-------++-------
  Melee: War axe           |   107 |   164 |   232 ||   503
         Broad axe         |       |       |    96 ||    96
    Use: Scroll            |     2 |     7 |     7 ||    16
         Potion            |     1 |     4 |     3 ||     8
 Armour: Scale mail        |    93 |   129 |   237 ||   459
  Dodge: Dodged            |    73 |    81 |   198 ||   352
  Block: Buckler           |    42 |    34 |    85 ||   161

Table legend: (Time is in decaauts)
 A = Elapsed time spent in this place.
 B = Non-inter-level travel time spent in this place.
 C = Inter-level travel time spent in this place.
 D = Time resting spent in this place.
 E = Time spent auto-exploring this place.
 F = Levels seen in this place.
 G = Mean time per level.
                   A        B        C        D        E       F      G
               +--------+--------+--------+--------+--------+-----+--------+
         Total |   6792 |   6625 |    167 |    943 |   4094 |   8 |  849.0 |
       Dungeon |   6792 |   6625 |    167 |    943 |   4094 |   8 |  849.0 |
               +--------+--------+--------+--------+--------+-----+--------+

Top non-repeatable levels by time:
     D:5: 1280 daAuts
     D:4: 1120 daAuts
     D:7: 963 daAuts
     D:1: 899 daAuts
     D:6: 831 daAuts
     D:2: 777 daAuts
     D:8: 483 daAuts
     D:3: 436 daAuts
